 Dungeon Crawl Stone Soup version 0.23-a0-78-gc252fe1 (webtiles) character file.

570 tilp the Ducker (level 7, -5/54 HPs)
             Began as a Merfolk Ice Elementalist on Aug 10, 2018.
             Was an Initiate of Makhleb.
             Slain by an ogre
             ... wielding a +0 giant club
              (14 damage)
             ... on level 5 of the Dungeon.
             The game lasted 00:12:58 (4810 turns).

tilp the Ducker (Merfolk Ice Elementalist)          Turns: 4810, Time: 00:12:59

Health: -5/54      AC:  7    Str:  8    XL:     7   Next: 34%
Magic:  4/10       EV: 17    Int: 16    God:    Makhleb [......]
Gold:   277        SH:  0    Dex: 19    Spells: 4/10 levels left

rFire    . . .     SeeInvis .   u - +2 short sword (venom)
rCold    . . .     Gourm    .   (no shield)
rNeg     . . .     Faith    .   a - +0 robe
rPois    .         Spirit   .   (no helmet)
rElec    .         Reflect  .   (no cloak)
rCorr    .         Harm     .   (no gloves)
MR       .....                  (no boots)
Stlth    ++........             (no amulet)
HPRegen  0.18/turn              n - +4 ring of dexterity
MPRegen  0.12/turn              (no ring)

@: icy armour
A: change form in water, swift swim, stealthy swim
a: Renounce Religion


You were on level 5 of the Dungeon.
You worshipped Makhleb.
Makhleb was noncommittal.
You were not hungry.

You visited 2 branches of the dungeon, and saw 6 of its levels.

You collected 277 gold pieces.

Inventory:

Hand Weapons
 u - a +2 short sword of venom (weapon)
 w - a +0 trident
Missiles
 f - 79 stones (quivered)
Armour
 a - a +0 robe (worn)
 h - a +0 helmet
 t - a +0 helmet
Jewellery
 n - a +4 ring of dexterity (left hand)
 r - an uncursed ring of poison resistance {unknown}
 x - a cursed -2 ring of strength {unknown}
Scrolls
 b - 2 scrolls of enchant armour {unknown}
 d - 6 scrolls of remove curse
 j - 6 scrolls of identify {unknown}
 l - 4 scrolls of amnesia {unknown}
 v - a scroll of magic mapping {unknown}
 y - a scroll of random uselessness {unknown}
Potions
 e - 2 potions of lignification {unknown}
 g - a potion of haste {unknown}
 i - 2 potions of flight {unknown}
 k - 2 potions of resistance {unknown}
 m - a potion of ambrosia {unknown}
 o - a potion of mutation {unknown}
 p - 4 potions of curing {unknown}
 q - a potion of brilliance {unknown}
 s - a potion of heal wounds {unknown}
 z - a potion of agility {unknown}
 B - a potion of magic {unknown}
Comestibles
 c - 13 rations
 A - a chunk of flesh


   Skills:
 - Level 4.1 Fighting
 - Level 6.1 Dodging
 - Level 2.1 Stealth
 + Level 2.1 Spellcasting
 + Level 1.0 Conjurations
 + Level 0.4 Charms
 - Level 6.0 Ice Magic
 + Level 0.6 Invocations


You had 4 spell levels left.
You knew the following spells:

 Your Spells              Type           Power        Failure   Level  Hunger
a - Freeze                Ice            ###.         1%          1    #......
b - Throw Frost           Conj/Ice       ##....       8%          2    ###....
c - Ozocubu's Armour      Chrm/Ice       ##......     16%         3    ###....

Your spell library contained the following spells:

 Spells                   Type           Power        Failure   Level  Hunger
 Summon Ice Beast         Ice/Summ       ##......     52%         4    #####..
 Throw Icicle             Conj/Ice       ##......     43%         4    #####..


Dungeon Overview and Level Annotations

Branches:
Dungeon (5/15)             Temple (1/1) D:4

Altars:
Ashenzari
Dithmenos
Gozag
Makhleb
Uskayaw
Vehumet
Zin

Annotations:
D:3 Ijyb, Sigmund
D:4 exclusion: statue


Message History

The ogre is moderately wounded.
The ogre barely misses you.
Casting: Freeze (safe; 1% risk of failure)
Confirm with . or Enter, or press ? or * to list all spells.
Aiming: Freeze (safe; 1% risk of failure)
Press: ? - help, Shift-Dir - straight line, f/p - ogre
Aim: an ogre, wielding a giant club (heavily wounded, poisoned)
You freeze the ogre.
The ogre is severely wounded.
The ogre hits you with a giant club!!
* * * LOW HITPOINT WARNING * * *
Casting: Freeze (safe; 1% risk of failure)
Confirm with . or Enter, or press ? or * to list all spells.
Aiming: Freeze (safe; 1% risk of failure)
Press: ? - help, Shift-Dir - straight line, f/p - ogre
Aim: an ogre, wielding a giant club (severely wounded, poisoned)
You freeze the ogre.
The ogre is almost dead.
The ogre hits you with a giant club!
You die...

..c...8.8.8....#
###.#..........#
?............#.#
###.#....!.#.# #
#.#...()_#...
#.#.[.(%.#...#
#.#........#.#
##########.#........#
.......@Oac..8.8.8..#
##########.#........#
#............
##############


You could see an ogre, a centaur and a worker ant.

Vanquished Creatures
  An ogre (D:4)
  2 scorpions (D:4)
  A hound (D:4)
  2 orc wizards (D:4)
  3 worker ants
  2 hound skeletons (D:4)
  Robin (D:3)
  9 adders
  2 oozes (D:1)
  3 worms
  4 leopard geckos
  3 orcs (D:4)
  8 giant cockroaches
  18 goblins
  8 hobgoblins
  A jackal (D:5)
  2 quokkas
  2 ball pythons
  3 bats
  6 frilled lizards
  12 kobolds
  A quokka skeleton (D:5)
  A quokka zombie (D:4)
  13 rats
108 creatures vanquished.

Notes
Turn   | Place    | Note
-------+----------+-------------------------------------------
     0 | D:1      | tilp the Merfolk Ice Elementalist began the quest for the Orb.
     0 | D:1      | Reached XP level 1. HP: 13/13 MP: 3/3
   172 | D:1      | Reached XP level 2. HP: 7/19 MP: 1/5
   176 | D:1      | Learned a level 2 spell: Throw Frost
   860 | D:1      | Reached XP level 3. HP: 24/24 MP: 3/6
   865 | D:1      | Learned a level 3 spell: Ozocubu's Armour
  1448 | D:2      | Reached skill level 5 in Ice Magic
  1510 | D:2      | Found an opulent altar of Gozag.
  1513 | D:2      | Found a shattered altar of Ashenzari.
  1516 | D:2      | Found a glowing silver altar of Zin.
  1713 | D:2      | Reached XP level 4. HP: 27/30 MP: 5/7
  2560 | D:3      | Noticed Ijyb
  2577 | D:3      | Noticed Sigmund
  2604 | D:3      | Reached XP level 5. HP: 35/35 MP: 4/8
  2765 | D:3      | Noticed Robin
  2793 | D:3      | Reached skill level 1 in Fighting
  2803 | D:3      | Killed Robin
  3021 | D:3      | Found a faded altar of an unknown god.
  3464 | D:4      | Reached XP level 6. HP: 37/46 MP: 9/9
  3685 | D:4      | Reached skill level 5 in Dodging
  3689 | D:4      | Reached XP level 7. HP: 16/53 MP: 0/10
  4059 | D:4      | Found a staircase to the Ecumenical Temple.
  4090 | Temple   | Entered the Ecumenical Temple
  4117 | Temple   | Became a worshipper of Makhleb the Destroyer
  4226 | D:4      | Found a radiant altar of Vehumet.
  4656 | D:5      | Entered Level 5 of the Dungeon
  4755 | D:5      | Reached skill level 1 in Conjurations
  4787 | D:5      | Found a hide-covered altar of Uskayaw.
  4810 | D:5      | Slain by an ogre

Vault maps used:
D:1:      roderic_crossed_star, kennysheep_crisscross
D:2:      grunt_temple_overflow_diamond
D:3:      chequers_ecumenical_altar_lobes, uniq_ijyb, uniq_robin, uniq_sigmund
D:4:      vehumet_statue, temple_doors_e, first_ration, roderic_serpentine_path
D:5:      eat_drink_and_be_merry_uskayaw, old_standard_altar
Temple:   regret_index_temple_generic_petals

Skill      XL: |  1  2  3  4  5  6  7 |
---------------+----------------------+-----
Ice Magic      | 4 5 6 |  6.0
Dodging        | 4 5 6 |  6.1
Fighting       | 2 3 4 |  4.1
Conjurations   | 1 |  1.0
Stealth        | |  2.1
Spellcasting   | |  2.1
Charms         | |  0.4
Invocations    | |  0.6

Action                   |  1- 3 |  4- 6 |  7- 9 || total
-------------------------+-------+-------+-------++-------
Melee: Dagger            |    37 |    50 |       ||    87
       Unarmed           |     2 |       |       ||     2
       Short sword       |       |    36 |    34 ||    70
 Cast: Freeze            |    51 |    81 |     9 ||   141
       Ozocubu's Armour  |       |     2 |     1 ||     3
  Use: Scroll            |     1 |     1 |       ||     2
 Stab: Sleeping          |     3 |    13 |       ||    16
  Eat: Chunk             |     3 |     8 |     4 ||    15
Armor: Robe              |     6 |    16 |     3 ||    25
Dodge: Dodged            |    53 |    87 |    44 ||   184

Table legend:
 A = Non-vault XP
 B = Vault XP
 C = Vault XP percentage of total XP
 D = Non-vault monster count
 E = Vault monster count
 F = Vault count percentage of total count
 G = Total turns spent on level
                 A         B        C        D         E       F
            +---------+---------+-------+---------+---------+-------
      Total |     785 |      30 |   3.7 |      99 |       9 |   8.3
            +---------+---------+-------+---------+---------+-------
        D:1 |      55 |       0 |   0.0 |      26 |       0 |   0.0
        D:2 |      81 |       0 |   0.0 |      26 |       0 |   0.0
        D:3 |     107 |      30 |  21.9 |      26 |       9 |  25.7
        D:4 |     503 |       0 |   0.0 |      17 |       0 |   0.0
        D:5 |      39 |       0 |   0.0 |       4 |       0 |   0.0
            +---------+---------+-------+---------+---------+-------
